 Dungeon Sprint DCSS version 0.18.1-50-g88ac8fd (webtiles) character file.

655 Kagutsuchi the Fighter (level 7, -5/73 HPs)
             Began as a Yellow Draconian Berserker on Oct 21, 2016.
             Was a Follower of Trog.
             Slain by Menkaure (16 damage)
             ... in the Dungeon (Sprint II: "The Violet Keep of Menkaure").
             The game lasted 00:01:18 (84 turns).

Kagutsuchi the Fighter (Yellow Draconian Berserker)   Turns: 84, Time: 00:01:18

Health: -5/73      AC:  6    Str: 20    XL:     7   Next: 29%
Magic:  7/7        EV: 16    Int:  7    God:    Trog [*.....]
Gold:   305        SH:  0    Dex: 12    Spells: 0 memorised, 6 levels left

rFire  . . .     SeeInvis .     a - +0 falchion
rCold  + . .     Gourm    .     (armour unavailable)
rNeg   . . .     Faith    .     (no shield)
rPois  .         Spirit   .     (helmet restricted)
rElec  .         Dismiss  .     (no cloak)
rCorr  +         Reflect  .     (no gloves)
SustAt .         Harm     .     (no boots)
MR     +....     NoTele   +     (no amulet)
Stlth  +.........               (no ring)
                                (no ring)

@: somewhat resistant to hostile enchantments, very unstealthy
A: spit acid, acid resistance, unfitting armour, cold resistance 1, magic
resistance 1, cold-blooded, AC +6
a: Spit Acid, Berserk, Burn Spellbooks, Renounce Religion


You were in the Dungeon.
You worshipped Trog.
Trog was aware of your devotion.
You were not hungry.

You visited 1 branch You collected 486 gold pieces.
You spent 181 gold pieces at shops.

Inventory:

Hand Weapons
 a - a +0 falchion (weapon)
Scrolls
 h - a scroll of blinking
Potions
 c - 3 potions of curing
 d - a potion of heal wounds
 e - a potion of haste
 f - 2 potions of magic
 g - a potion of berserk rage
Comestibles
 b - a bread ration


   Skills:
 + Level 10.4 Fighting
 + Level 10.0 Long Blades
 + Level 8.7 Dodging


You had 6 spell levels left.
You didn't know any spells.

Dungeon Overview and Level Annotations

Branches:
Dungeon (1/1)

Altars:

Shops:
D !!:[:}[*%=?=((:(

Annotations:
D exclusion: oklob plant, Menkaure


Innate Abilities, Weirdness & Mutations

You can spit globs of acid.
You are resistant to acid.
Your golden yellow scales are hard (AC +6).
Your body does not fit into most forms of armour.
You are cold-blooded and may be slowed by cold attacks.
Your flesh is cold resistant.
You are resistant to hostile enchantments.


Message History

There is an entrance to Xausiytt's Jewellery Boutique here.
Menkaure gestures at you while chanting.
You resist with some effort.
You hit Menkaure.
Menkaure is lightly damaged.
Menkaure hits you.
You hit Menkaure but do no damage.
Menkaure is lightly damaged.
Menkaure hits you!
* * * LOW HITPOINT WARNING * * *
You hit Menkaure but do no damage. You tail-slap Menkaure.
Menkaure is lightly damaged.
Menkaure gestures ominously.
Menkaure calls on the powers of darkness!
Your body is wracked with pain!
* * * LOW HITPOINT WARNING * * *
You slash Menkaure!
Menkaure is heavily damaged.
Menkaure hits you!
You die...

≈## ############≈≈#
###########≈≈≈...
##........#≈≈≈≈.##+##
##...⌠....#≈≈≈≈##...##
##..∩.∩...#≈≈≈≈#..#).#
##.∩.∩.∩..#≈≈####...#
##∩.∩.∩@∩.#≈##.###'##
##.∩...M.∩#≈#...##.##
##∩.....∩.'≈'##.†.<.+
##.......∩#≈#...##.##
#▓▓▓▓▓▓▓###≈##.###+#
##hhD######≈≈###
#!$[#HH ##≈≈≈ #∩P[+H.#
+#≈# #?).#(##≈ ≈≈#


You could see an ice dragon, 2 hell hogs, an oklob plant and Menkaure.

Vanquished Creatures
  A siren (D)
  4 necrophages (D)
5 creatures vanquished.

Notes
Turn   | Place    | Note
--------------------------------------------------------------
     0 | D        | Kagutsuchi the Draconian Berserker began the quest for the Orb.
     0 | D        | Reached XP level 1. HP: 19/19 MP: 1/1
     1 | D        | Noticed a necrophage
     1 | D        | Noticed a necrophage
     1 | D        | Noticed a necrophage
     1 | D        | Noticed a necrophage
     3 | D        | Killed a necrophage
     3 | D        | Reached skill level 5 in Long Blades
     3 | D        | Reached skill level 5 in Dodging
     3 | D        | Reached XP level 2. HP: 30/30 MP: 2/2
     3 | D        | Reached XP level 3. HP: 37/37 MP: 3/3
     3 | D        | Reached XP level 4. HP: 44/44 MP: 4/4
     8 | D        | Killed a necrophage
     8 | D        | Reached XP level 5. HP: 51/51 MP: 5/5
    13 | D        | Killed a necrophage
    17 | D        | Killed a necrophage
    17 | D        | Reached XP level 6. HP: 62/62 MP: 6/6
    31 | D        | Noticed a siren
    47 | D        | Killed a siren
    47 | D        | Reached skill level 10 in Fighting
    47 | D        | Reached skill level 10 in Long Blades
    47 | D        | Your scales start taking on a golden yellow colour.
    47 | D        | Reached XP level 7. HP: 48/72 MP: 7/7
    59 | D        | Found Xethaj's Weapon Shop.
    60 | D        | Found Zicyhoos's Book Boutique.
    60 | D        | Found Mismafoc's Jewellery Shop.
    60 | D        | Found Nufrerao's Antique Weapon Shop.
    60 | D        | Found Xausiytt's Jewellery Boutique.
    60 | D        | Found Jisenon's Magic Scroll Boutique.
    60 | D        | Found Umups's Assorted Antiques.
    60 | D        | Found Zeixus's Food Shop.
    61 | D        | Found Raotsin's Antique Armour Shop.
    61 | D        | Found Jumoucio's Gadget Boutique.
    62 | D        | Found Bocluur's Antique Weapon Boutique.
    63 | D        | Found Ruilout's Book Shop.
    63 | D        | Found Ribanog's Antique Armour Boutique.
    63 | D        | Noticed Menkaure
    63 | D        | Noticed an ice dragon
    63 | D        | Noticed an oklob plant
    64 | D        | Found Hucapluxe's Distillery.
    64 | D        | Found Yhetyen's Distillery.
    64 | D        | Found Jaeczar's Book Shoppe.
    65 | D        | Noticed a hell hog
    66 | D        | Noticed a hell hog
    68 | D        | Noticed a griffon
    69 | D        | Noticed a griffon
    71 | D        | Noticed a griffon
    72 | D        | Bought a potion of curing for 42 gold pieces
    72 | D        | Bought a potion of curing for 42 gold pieces
    74 | D        | Bought a potion of mutation for 32 gold pieces
    74 | D        | Bought a potion of heal wounds for 65 gold pieces
    74 | D        | Gained mutation: Your flesh is cold resistant. [potion of mutation]
    74 | D        | Gained mutation: You are resistant to hostile enchantments. [potion of mutation]
    84 | D        | Slain by Menkaure

Skill      XL: |  1  2  3  4  5  6 |
---------------+-------------------+-----
Fighting       | 6 7 9 10 | 10.4
Long Blades    | 5 7 8 10 | 10.0
Dodging        | 5 6 7 8 |  8.7

Action                   |  1- 3 |  4- 6 |  7- 9 || total
-------------------------+-------+-------+-------++-------
Melee: Falchion          |     1 |    27 |     4 ||    32
       Tailslap          |     1 |     4 |     1 ||     6
Invok: Berserk           |     1 |       |       ||     1
  Use: Potion            |       |       |     2 ||     2
Dodge: Dodged            |       |     7 |       ||     7
